[Event "EYCC Girls-U12 2019"]
[Site "Bratislava"]
[Date "2019.08.05"]
[Round "4.15"]
[White "Darmaeva, Nomina"]
[Black "Gasimova, Samra"]
[Result "0-1"]
[ECO "C00"]
[WhiteElo "1408"]
[BlackElo "1695"]
[Annotator "NA"]
[PlyCount "60"]
[EventDate "2019.08.02"]
[EventType "swiss"]
[EventCountry "SVK"]
[SourceTitle "playchess.com"]
[Source "ChessBase"]
[SourceQuality "1"]
[TimeControl "40/5400+30:1800+30"]

1. e4 e6 2. d4 d5 3. Bd3 Nf6 4. e5 Nfd7 5. Nf3 c5 6. c3 Nc6 7. O-O Be7 8. Be3 c4 9. Be2 b5 10. b3 Nb6 11. Nfd2 Ba6 12. f4 O-O 13. Rf3 f6 14. Rh3 fxe5 15. fxe5 Bg5 16. Bg4 Bxe3+ 17. Rxe3 Qe7 18. Bh3 Bc8 19. Rg3 Bd7 20. Nf3 b4 21. Qc2 bxc3 22. Ng5 g6 23. Qxc3 Rf4 24. bxc4 Nxd4 25. Qd2 Nxc4 26. Qd1 Nc2 27. Qxc2 Qc5+ 28. Re3 Qxe3+ 29. Qf2 Qxf2+ 30. Kh1 Qf1# 0-1

[Event "EYCC Girls-U12 2019"]
[Site "Bratislava"]
[Date "2019.08.05"]
[Round "4.16"]
[White "Paraschiv, Petronela-Alexandra"]
[Black "Sala, Giulia"]
[Result "0-1"]
[ECO "C68"]
[WhiteElo "1810"]
[BlackElo "1623"]
[Annotator "NA"]
[PlyCount "80"]
[EventDate "2019.08.02"]
[EventType "swiss"]
[EventCountry "SVK"]
[SourceTitle "playchess.com"]
[Source "ChessBase"]
[SourceQuality "1"]
[TimeControl "40/5400+30:1800+30"]

1. e4 e5 2. Nf3 Nc6 3. Bb5 a6 4. Bxc6 dxc6 5. O-O Bg4 6. h3 h5 7. Re1 Qf6 8. d3 Bxf3 9. gxf3 Ne7 10. Nc3 Ng6 11. Kg2 Be7 12. Rh1 Nh4+ 13. Kf1 Nxf3 14. Ne2 Bc5 15. Ng3 g6 16. Qe2 h4 17. Nf5 Ng5 18. Ne3 Bxe3 19. Bxe3 Ne6 20. Qg4 O-O-O 21. Rg1 Kb8 22. Ke2 c5 23. Rg2 Nd4+ 24. Bxd4 cxd4 25. Qg5 Qb6 26. Rb1 Qc5 27. Kd1 Rd6 28. f3 Re6 29. a4 Qa5 30. b3 c5 31. Rg4 Rh5 32. Qc1 Rf6 33. Ke2 Qc3 34. Rg5 Rxg5 35. Qxg5 Qxc2+ 36. Ke1 Qxb1+ 37. Ke2 Qc2+ 38. Ke1 Rxf3 39. Qxe5+ Ka7 40. b4 Re3+ 0-1

[Event "EYCC Girls-U12 2019"]
[Site "Bratislava"]
[Date "2019.08.05"]
[Round "4.17"]
[White "Orian, Noga"]
[Black "Khegai, Darya"]
[Result "0-1"]
[ECO "A46"]
[WhiteElo "1628"]
[BlackElo "1402"]
[Annotator "NA"]
[PlyCount "94"]
[EventDate "2019.08.02"]
[EventType "swiss"]
[EventCountry "SVK"]
[SourceTitle "playchess.com"]
[Source "ChessBase"]
[SourceQuality "1"]
[TimeControl "40/5400+30:1800+30"]

1. d4 Nf6 2. Nf3 e6 3. Bf4 b6 4. e3 Bb7 5. c3 Be7 6. Bd3 d6 7. O-O Nbd7 8. Nbd2 O-O 9. e4 c5 10. e5 dxe5 11. dxe5 Nd5 12. Bg3 Nc7 13. Qe2 a6 14. a4 Bc6 15. Rfd1 b5 16. axb5 axb5 17. Ne4 c4 18. Bc2 Rxa1 19. Rxa1 Nd5 20. Nd4 Qc7 21. f4 Nc5 22. Kh1 Nxe4 23. Qxe4 g6 24. f5 exf5 25. Nxf5 Nb4 26. Nxe7+ Qxe7 27. Qe2 Nxc2 28. Qxc2 Rd8 29. Rd1 Rxd1+ 30. Qxd1 Qg5 31. Qe1 Qf5 32. Qd1 h5 33. Qd8+ Kh7 34. Qd1 h4 35. Bxh4 Qe4 36. Qf1 Qxh4 37. Qxf7+ Kh6 38. Qf8+ Kh5 39. Qh8+ Kg4 40. Qc8+ Kf4 41. Qf8+ Ke3 42. Qc5+ Ke2 43. Qg1 Qf2 44. Qxf2+ Kxf2 45. h4 Bxg2+ 46. Kh2 Bd5 47. Kh3 Be6+ 0-1

[Event "EYCC Girls-U12 2019"]
[Site "Bratislava"]
[Date "2019.08.05"]
[Round "4.18"]
[White "Tsirekidze, Barbare"]
[Black "Janouskova, Adela"]
[Result "1-0"]
[ECO "E62"]
[WhiteElo "1527"]
[BlackElo "1193"]
[Annotator "NA"]
[PlyCount "91"]
[EventDate "2019.08.02"]
[EventType "swiss"]
[EventCountry "SVK"]
[SourceTitle "playchess.com"]
[Source "ChessBase"]
[SourceQuality "1"]
[TimeControl "40/5400+30:1800+30"]

1. d4 Nf6 2. c4 g6 3. Nf3 Bg7 4. g3 d6 5. Bg2 O-O 6. O-O c6 7. Nc3 Qa5 8. e4 Nbd7 9. Qe2 Qh5 10. Be3 Nb6 11. Nd2 Qxe2 12. Nxe2 Be6 13. Rac1 d5 14. cxd5 cxd5 15. e5 Nfd7 16. Nf4 Rac8 17. Nxe6 fxe6 18. Bh3 Kf7 19. b3 Rxc1 20. Rxc1 Rc8 21. Nf3 h6 22. Ne1 Rxc1 23. Bxc1 Nf8 24. Nd3 g5 25. Nc5 Nbd7 26. Nxb7 Nb8 27. Nd8+ Kg6 28. Nxe6 Nc6 29. Bb2 h5 30. Nxf8+ Bxf8 31. Be6 Nd8 32. Bxd5 e6 33. Be4+ Kg7 34. d5 Kg8 35. f4 gxf4 36. gxf4 Bc5+ 37. Kg2 Kf7 38. Kf3 exd5 39. Bxd5+ Ke7 40. Ke4 Ne6 41. Bxe6 Kxe6 42. f5+ Ke7 43. Kd5 Bg1 44. Ba3+ Ke8 45. h3 Bb6 46. Ke6 1-0

[Event "EYCC Girls-U12 2019"]
[Site "Bratislava"]
[Date "2019.08.05"]
[Round "4.19"]
[White "Chicarosie, Ioana-Bianca"]
[Black "Badaan, Rima"]
[Result "1-0"]
[ECO "A06"]
[WhiteElo "1580"]
[BlackElo "1269"]
[Annotator "NA"]
[PlyCount "107"]
[EventDate "2019.08.02"]
[EventType "swiss"]
[EventCountry "SVK"]
[SourceTitle "playchess.com"]
[Source "ChessBase"]
[SourceQuality "1"]
[TimeControl "40/5400+30:1800+30"]

1. Nf3 d5 2. d4 e6 3. e3 c6 4. Bd3 f5 5. O-O Bd6 6. c4 b6 7. Qc2 Nd7 8. b3 Ngf6 9. cxd5 cxd5 10. Ba3 Qc7 11. Qxc7 Bxc7 12. Rc1 Bd8 13. Ng5 Nf8 14. Bb5+ Bd7 15. Bc6 Rc8 16. Bxd7+ Kxd7 17. Rxc8 Kxc8 18. Bxf8 Rxf8 19. Nxe6 Rf7 20. Nc3 Re7 21. Nxd8 Kxd8 22. Rc1 Rc7 23. f3 g5 24. Ne2 Rxc1+ 25. Nxc1 h5 26. Nd3 Ke7 27. Ne5 Ke6 28. Kf2 Nd7 29. Nxd7 Kxd7 30. Ke2 Ke6 31. Kd3 b5 32. e4 f4 33. b4 a6 34. Ke2 h4 35. Kd3 Kd6 36. exd5 Kxd5 37. h3 Kd6 38. Ke4 Ke6 39. d5+ Kd6 40. Kd4 Kd7 41. Ke5 Ke7 42. d6+ Kd7 43. Kd5 Kd8 44. Ke6 Ke8 45. d7+ Kd8 46. a3 Kc7 47. Ke7 Kb7 48. d8=Q Kc6 49. Qd6+ Kb7 50. Kd7 Ka8 51. Kc6 g4 52. Qd8+ Ka7 53. Qb6+ Ka8 54. Qb7# 1-0

[Event "EYCC Girls-U12 2019"]
[Site "Bratislava"]
[Date "2019.08.05"]
[Round "4.20"]
[White "Smirnova, Jekaterina"]
[Black "Helliesen, Lykke-Merlot"]
[Result "0-1"]
[ECO "D10"]
[WhiteElo "1372"]
[BlackElo "1505"]
[Annotator "NA"]
[PlyCount "70"]
[EventDate "2019.08.02"]
[EventType "swiss"]
[EventCountry "SVK"]
[SourceTitle "playchess.com"]
[Source "ChessBase"]
[SourceQuality "1"]
[TimeControl "40/5400+30:1800+30"]

1. d4 d5 2. c4 c6 3. cxd5 cxd5 4. Nc3 Nf6 5. Nf3 Nc6 6. e3 Bf5 7. Bb5 Rc8 8. Ne5 e6 9. Qb3 Bd6 10. Nd3 O-O 11. Bxc6 Rxc6 12. Ne2 Qc7 13. Ng3 Bg6 14. O-O Ne4 15. Qd1 Rc8 16. Kh1 Nxg3+ 17. fxg3 Bxd3 18. Qxd3 Rxc1 19. e4 Rxa1 20. Rxa1 Qc1+ 21. Qf1 Qxf1+ 22. Rxf1 dxe4 23. Kg1 Rc2 24. Re1 f5 25. g4 Rxb2 26. gxf5 exf5 27. Rf1 g6 28. Rc1 Rxa2 29. Rc8+ Kf7 30. Rd8 Ke6 31. Rh8 b5 32. Rxh7 b4 33. Rb7 Kd5 34. Rd7 b3 35. Rb7 b2 0-1

[Event "EYCC Girls-U12 2019"]
[Site "Bratislava"]
[Date "2019.08.06"]
[Round "5.1"]
[White "Van, Foreest Machteld"]
[Black "Shvedova, Alexandra"]
[Result "0-1"]
[ECO "B90"]
[WhiteElo "2186"]
[BlackElo "1932"]
[Annotator "NA"]
[PlyCount "104"]
[EventDate "2019.08.02"]
[EventType "swiss"]
[EventCountry "SVK"]
[SourceTitle "playchess.com"]
[Source "ChessBase"]
[SourceQuality "1"]
[TimeControl "40/5400+30:1800+30"]

1. e4 c5 2. Nf3 d6 3. d4 cxd4 4. Nxd4 Nf6 5. Nc3 a6 6. h3 e5 7. Nde2 h5 8. Bg5 Be6 9. Bxf6 Qxf6 10. Nd5 Bxd5 11. Qxd5 Nc6 12. Nc3 Qg6 13. Na4 Be7 14. Nb6 Rd8 15. O-O-O O-O 16. c3 Bg5+ 17. Kb1 Ne7 18. Qd3 d5 19. h4 Bh6 20. Na4 Qxe4 21. Qxe4 dxe4 22. Be2 Nd5 23. g3 Nf6 24. Nc5 e3 25. fxe3 Bxe3 26. Nxb7 Rb8 27. Nd6 Bf2 28. Bc4 e4 29. Bxa6 e3 30. Bc4 Rb6 31. Kc2 Ng4 32. Be2 Bxg3 33. Nf5 Bf2 34. Ne7+ Kh8 35. Nd5 Rb7 36. Nf4 g6 37. Rd5 Nf6 38. Re5 Rd8 39. Rd1 Rxd1 40. Bxd1 Bg3 41. Rxe3 Bxf4 42. Rd3 Kg7 43. b4 Ra7 44. Kb3 Ne4 45. a4 Nd2+ 46. Ka2 f5 47. b5 Ne4 48. Kb2 Be5 49. Bb3 Nxc3 50. Ka3 Nxb5+ 51. Kb4 Nd4 52. Bc4 f4 0-1

[Event "EYCC Girls-U12 2019"]
[Site "Bratislava"]
[Date "2019.08.06"]
[Round "5.2"]
[White "Musabayeva, Diana"]
[Black "Karmanova, Olga Dm."]
[Result "1/2-1/2"]
[ECO "B18"]
[WhiteElo "1679"]
[BlackElo "1838"]
[Annotator "NA"]
[PlyCount "65"]
[EventDate "2019.08.02"]
[EventType "swiss"]
[EventCountry "SVK"]
[SourceTitle "playchess.com"]
[Source "ChessBase"]
[SourceQuality "1"]
[TimeControl "40/5400+30:1800+30"]

1. e4 c6 2. d4 d5 3. Nc3 dxe4 4. Nxe4 Bf5 5. Ng3 Bg6 6. Nf3 e6 7. Ne5 Nd7 8. Nxg6 hxg6 9. Bd3 Ngf6 10. h3 Bd6 11. Ne4 Nxe4 12. Bxe4 Nf6 13. Bf3 Qd7 14. Bg5 Bc7 15. Qd2 O-O-O 16. O-O-O e5 17. Bg4 Nxg4 18. Bxd8 Rxd8 19. hxg4 exd4 20. Qe2 Qd5 21. Kb1 c5 22. Qf3 Qxf3 23. gxf3 Be5 24. Rh7 g5 25. Re1 f6 26. Reh1 Rg8 27. Rh8 Rxh8 28. Rxh8+ Kc7 29. Rg8 b5 30. Rxg7+ Kb6 31. Rg6 Ka5 32. b3 Kb4 33. Rg7 1/2-1/2

[Event "EYCC Girls-U12 2019"]
[Site "Bratislava"]
[Date "2019.08.06"]
[Round "5.3"]
[White "Buyuk, Ecrin Efsa"]
[Black "Vlasova, Olesia"]
[Result "0-1"]
[ECO "B31"]
[WhiteElo "1592"]
[BlackElo "1799"]
[Annotator "NA"]
[PlyCount "123"]
[EventDate "2019.08.02"]
[EventType "swiss"]
[EventCountry "SVK"]
[SourceTitle "playchess.com"]
[Source "ChessBase"]
[SourceQuality "1"]
[TimeControl "40/5400+30:1800+30"]

1. e4 c5 2. Nf3 Nc6 3. Bb5 g6 4. Bxc6 dxc6 5. O-O Bg7 6. h3 e5 7. d3 h6 8. c3 Qe7 9. Na3 Nf6 10. Nc4 Nd7 11. Be3 O-O 12. Re1 b6 13. d4 exd4 14. cxd4 Ba6 15. Na3 cxd4 16. Bxd4 c5 17. Bxg7 Kxg7 18. Qa4 Bb7 19. Rad1 Nf6 20. Nc4 Qc7 21. Nd6 Bc6 22. Qc4 Rad8 23. e5 Ng8 24. Qf4 Kh7 25. Qg3 Qe7 26. Nh4 Qe6 27. f4 Ne7 28. Qd3 Rg8 29. g4 Kh8 30. f5 gxf5 31. Kh2 fxg4 32. Qd2 Rdf8 33. Qf4 Kh7 34. Ne4 Bxe4 35. Qxe4+ Ng6 36. Rd6 g3+ 37. Kg2 Qe7 38. Rf6 Kh8 39. Kg1 Qd8 40. Nf5 Qd2 41. Qe2 Qxe2 42. Rxe2 Rd8 43. Nd6 Rd7 44. Re3 Kh7 45. Rxg3 Nxe5 46. Rxg8 Kxg8 47. Kg2 Kg7 48. Ne8+ Kf8 49. Rf5 Kxe8 50. Rxe5+ Re7 51. Rh5 Re2+ 52. Kf3 Rxb2 53. Rxh6 Rxa2 54. h4 Kf8 55. Rc6 Ra3+ 56. Kg4 Ra4+ 57. Kg5 Kg7 58. h5 f6+ 59. Kf5 Kh6 60. Rc7 Ra1 61. Kxf6 Kxh5 62. Ke5 0-1

[Event "EYCC Girls-U12 2019"]
[Site "Bratislava"]
[Date "2019.08.06"]
[Round "5.4"]
[White "Gadasi, Noam"]
[Black "Karaivanova, Petya"]
[Result "0-1"]
[ECO "C50"]
[WhiteElo "1585"]
[BlackElo "1792"]
[Annotator "NA"]
[PlyCount "112"]
[EventDate "2019.08.02"]
[EventType "swiss"]
[EventCountry "SVK"]
[SourceTitle "playchess.com"]
[Source "ChessBase"]
[SourceQuality "1"]
[TimeControl "40/5400+30:1800+30"]

1. e4 e5 2. Nf3 Nc6 3. Bc4 Nf6 4. d3 Bc5 5. c3 d6 6. O-O O-O 7. Bb3 Bb6 8. Nbd2 a6 9. Re1 Ng4 10. Re2 Bd7 11. h3 Nf6 12. Nf1 h6 13. Ng3 Na5 14. Bc2 Nh7 15. Re1 c5 16. a3 Rc8 17. b3 Ba7 18. Be3 Bb8 19. Qd2 Re8 20. Rec1 Be6 21. Rab1 b5 22. b4 Nb7 23. a4 Qf6 24. Nh2 Bd7 25. axb5 axb5 26. bxc5 dxc5 27. Ne2 Nd6 28. Nf1 Qg6 29. Nfg3 h5 30. Kh1 h4 31. Nf1 f5 32. exf5 Bxf5 33. Rb2 Kh8 34. f3 Red8 35. Rd1 Qh5 36. Qe1 Rf8 37. Ng1 Rf6 38. Ra2 Be6 39. Raa1 Nf5 40. Bf2 Rg6 41. Rab1 Qg5 42. g4 hxg3 43. Nxg3 Nxg3+ 44. Bxg3 Qxg3 45. Qxg3 Rxg3 46. Rxb5 Bxh3 47. Rd2 Bd7 48. Rb2 Rg5 49. Bb1 Bc6 50. Rf2 Bc7 51. Rbe2 Rf8 52. Re3 Rf6 53. Rh2 e4 54. Rh3 exf3 55. Nxf3 Rfg6 56. Re1 Bxf3+ 0-1

[Event "EYCC Girls-U12 2019"]
[Site "Bratislava"]
[Date "2019.08.06"]
[Round "5.5"]
[White "Mikheeva, Galina"]
[Black "Verheij, Dana"]
[Result "0-1"]
[ECO "B25"]
[WhiteElo "1952"]
[BlackElo "1497"]
[Annotator "NA"]
[PlyCount "84"]
[EventDate "2019.08.02"]
[EventType "swiss"]
[EventCountry "SVK"]
[SourceTitle "playchess.com"]
[Source "ChessBase"]
[SourceQuality "1"]
[TimeControl "40/5400+30:1800+30"]

1. e4 c5 2. Nc3 Nc6 3. g3 g6 4. Bg2 Bg7 5. d3 d6 6. f4 e6 7. Nf3 Nge7 8. O-O O-O 9. Be3 Nd4 10. e5 Nef5 11. Bf2 Nxf3+ 12. Bxf3 Nd4 13. Bg2 dxe5 14. fxe5 Bxe5 15. Ne4 f5 16. Nxc5 Qd6 17. Na4 Bd7 18. c3 Bxa4 19. Qxa4 Ne2+ 20. Kh1 f4 21. d4 f3 22. Bh3 Bxg3 23. hxg3 Nxg3+ 24. Kg1 Qf4 25. Qb5 Ne2+ 26. Kh1 Qh6 27. Kh2 Nf4 28. Bh4 Qxh4 29. Rxf3 Nxh3 30. Rxh3 Rf2+ 31. Kg1 Qxh3 32. Kxf2 Rf8+ 33. Ke2 Qf3+ 34. Kd2 Qg2+ 35. Kd3 Rf3+ 36. Kc4 Qe2+ 37. Kb4 Qxb2+ 38. Ka4 Qxa1 39. Qe8+ Kg7 40. Qxe6 Qd1+ 41. Kb4 Qb1+ 42. Ka4 Qc2+ 0-1

[Event "EYCC Girls-U12 2019"]
[Site "Bratislava"]
[Date "2019.08.06"]
[Round "5.6"]
[White "Manko, Mariya"]
[Black "Gasimova, Samra"]
[Result "1-0"]
[ECO "A05"]
[WhiteElo "1807"]
[BlackElo "1695"]
[Annotator "NA"]
[PlyCount "93"]
[EventDate "2019.08.02"]
[EventType "swiss"]
[EventCountry "SVK"]
[SourceTitle "playchess.com"]
[Source "ChessBase"]
[SourceQuality "1"]
[TimeControl "40/5400+30:1800+30"]

1. Nf3 Nf6 2. c4 e6 3. d4 d5 4. g3 dxc4 5. Qa4+ Nbd7 6. Qxc4 a6 7. a4 b6 8. Bg2 Bb7 9. O-O Be7 10. Nc3 c5 11. Rd1 Rc8 12. dxc5 Bxc5 13. Qd3 Ng4 14. e3 Qe7 15. Ne4 Nge5 16. Nxe5 Nxe5 17. Qe2 O-O 18. Bd2 f5 19. Bc3 fxe4 20. Bxe5 Rf5 21. Bc3 Rcf8 22. Rf1 Bd5 23. Qxa6 Qf7 24. Qe2 e5 25. Qd2 Bc4 26. Bxe4 Rh5 27. Rad1 Kh8 28. Bd5 Qf5 29. Bg2 Bxf1 30. Rxf1 Rh6 31. b4 Be7 32. a5 bxa5 33. bxa5 Qh5 34. h3 Rd8 35. Qb2 Re6 36. Ra1 Qg6 37. Bxe5 Bf6 38. Bxf6 Rxf6 39. Qb7 Qf5 40. a6 Qxf2+ 41. Kh1 Rfd6 42. Qf3 Qb2 43. Ra4 Qb5 44. Rf4 Rg8 45. Rf8 Qxa6 46. Qf7 Rd1+ 47. Kh2 1-0

[Event "EYCC Girls-U12 2019"]
[Site "Bratislava"]
[Date "2019.08.06"]
[Round "5.7"]
[White "Zhapova, Yana"]
[Black "Sala, Giulia"]
[Result "1-0"]
[ECO "C68"]
[WhiteElo "1809"]
[BlackElo "1623"]
[Annotator "NA"]
[PlyCount "35"]
[EventDate "2019.08.02"]
[EventType "swiss"]
[EventCountry "SVK"]
[SourceTitle "playchess.com"]
[Source "ChessBase"]
[SourceQuality "1"]
[TimeControl "40/5400+30:1800+30"]

1. e4 e5 2. Nf3 Nc6 3. Bb5 a6 4. Bxc6 dxc6 5. Nc3 f6 6. d4 exd4 7. Nxd4 c5 8. Nde2 Qxd1+ 9. Nxd1 Be6 10. Bf4 O-O-O 11. Ne3 h5 12. h4 Nh6 13. f3 Nf7 14. Kf2 Nd6 15. Rad1 Be7 16. Nc3 c6 17. Na4 Bf7 18. Nf5 1-0

[Event "EYCC Girls-U12 2019"]
[Site "Bratislava"]
[Date "2019.08.06"]
[Round "5.8"]
[White "Zhou, Lepu Coco"]
[Black "Tsirekidze, Barbare"]
[Result "1-0"]
[ECO "C10"]
[WhiteElo "1861"]
[BlackElo "1527"]
[Annotator "NA"]
[PlyCount "105"]
[EventDate "2019.08.02"]
[EventType "swiss"]
[EventCountry "SVK"]
[SourceTitle "playchess.com"]
[Source "ChessBase"]
[SourceQuality "1"]
[TimeControl "40/5400+30:1800+30"]

1. e4 e6 2. d4 d5 3. Nc3 dxe4 4. Nxe4 Nd7 5. Nf3 Ngf6 6. Nxf6+ Nxf6 7. Bd3 Be7 8. O-O O-O 9. c3 c5 10. dxc5 Bxc5 11. Bg5 h6 12. Bh4 Be7 13. Qe2 Qa5 14. Ne5 Rd8 15. f4 Bd7 16. Rf3 Nd5 17. Bxe7 Nxe7 18. Rg3 Nf5 19. Rh3 Bc6 20. Qh5 Rf8 21. Bxf5 exf5 22. Rg3 Qb6+ 23. Kh1 Be8 24. Rd1 Kh8 25. Qxf5 Qf6 26. Qxf6 gxf6 27. Ng4 h5 28. Nxf6 Bc6 29. Rg5 Rad8 30. Nd5 Rfe8 31. Rxh5+ Kg7 32. h3 f6 33. c4 Kg6 34. Rh4 Bxd5 35. Rg4+ Kf7 36. cxd5 Re2 37. Rg3 Rxb2 38. Rb3 Rxa2 39. Rxb7+ Kf8 40. d6 a5 41. Ra7 a4 42. Rd5 a3 43. Rda5 Rxd6 44. Rxa3 Rf2 45. Rb3 Rd8 46. Rb4 f5 47. Kg1 Re2 48. Rb5 Kg8 49. Rxf5 Rdd2 50. Rg5+ Kf8 51. h4 Rf2 52. Rg4 Rb2 53. h5 1-0

[Event "EYCC Girls-U12 2019"]
[Site "Bratislava"]
[Date "2019.08.06"]
[Round "5.9"]
[White "Helliesen, Lykke-Merlot"]
[Black "Schippke, Manon"]
[Result "1/2-1/2"]
[ECO "D94"]
[WhiteElo "1505"]
[BlackElo "1743"]
[Annotator "NA"]
[PlyCount "224"]
[EventDate "2019.08.02"]
[EventType "swiss"]
[EventCountry "SVK"]
[SourceTitle "playchess.com"]
[Source "ChessBase"]
[SourceQuality "1"]
[TimeControl "40/5400+30:1800+30"]

1. d4 Nf6 2. c4 g6 3. Nc3 d5 4. Nf3 Bg7 5. e3 O-O 6. Bd3 c5 7. O-O Nc6 8. dxc5 dxc4 9. Bxc4 Qa5 10. Qe2 Qxc5 11. Bb3 Bg4 12. h3 Bxf3 13. Qxf3 Rad8 14. e4 Nd4 15. Qe3 Nxb3 16. axb3 Qxe3 17. Bxe3 a6 18. Rfd1 e5 19. f3 Nh5 20. Kh2 Nf4 21. g3 Ne6 22. Nd5 Nd4 23. Bxd4 exd4 24. g4 h6 25. Ra4 Rfe8 26. Rc4 Kh8 27. Kg2 Be5 28. f4 Bg7 29. Kf3 f5 30. Nb4 fxe4+ 31. Ke2 a5 32. Na2 Rc8 33. Kd2 Rxc4 34. bxc4 Rf8 35. Rf1 g5 36. f5 Be5 37. Nc1 Bf4+ 38. Kd1 d3 39. Rg1 Rd8 40. Nb3 e3 41. Nxa5 e2+ 42. Ke1 Re8 43. Nb3 Be3 44. Rh1 Ra8 45. h4 gxh4 46. Rxh4 Re8 47. Rh1 Bf4 48. Rg1 Re3 49. Kf2 Re4 50. Ke1 Bg5 51. Rh1 Rxg4 52. Nc5 Bh4+ 53. Kd2 e1=Q+ 54. Rxe1 Bxe1+ 55. Kxe1 Rf4 56. Nxb7 Rxc4 57. Kd2 Rc2+ 58. Kxd3 Rxb2 59. Nd6 Kg7 60. Ke4 Re2+ 61. Kf4 Ra2 62. Ke5 Re2+ 63. Kf4 Kf6 64. Ne4+ Ke7 65. Ke5 Ra2 66. f6+ Kf7 67. Nd6+ Kg6 68. f7 Re2+ 69. Kf4 Kg7 70. Nf5+ Kxf7 71. Nxh6+ Kg6 72. Ng4 Ra2 73. Ne5+ Kf6 74. Nd3 Ra4+ 75. Ke3 Kf5 76. Nc5 Rc4 77. Nd3 Rh4 78. Nf2 Rf4 79. Nd3 Re4+ 80. Kd2 Re8 81. Kc3 Ke4 82. Nf2+ Ke3 83. Ng4+ Kf4 84. Nf6 Rd8 85. Kc4 Ke5 86. Ng4+ Kf4 87. Nf6 Kf5 88. Nd5 Ke5 89. Nb6 Ke4 90. Kc5 Kd3 91. Nd5 Rc8+ 92. Kd6 Kd4 93. Ne7 Ra8 94. Nc6+ Ke4 95. Kc5 Ra1 96. Kd6 Rc1 97. Nb4 Kf5 98. Nd5 Rd1 99. Kc5 Ke5 100. Ne3 Rc1+ 101. Nc4+ Ke4 102. Kb5 Kd4 103. Na3 Rc8 104. Kb4 Rb8+ 105. Ka4 Kc5 106. Nc2 Kc4 107. Na3+ Kc3 108. Nb5+ Kb2 109. Kb4 Kc2 110. Kc4 Kd2 111. Nd6 Ke3 112. Kd5 Kd3 {[%emt 0:00:09] Ke4+} 1/2-1/2

[Event "EYCC Girls-U12 2019"]
[Site "Bratislava"]
[Date "2019.08.06"]
[Round "5.10"]
[White "Ivanova, Dilyana"]
[Black "Chicarosie, Ioana-Bianca"]
[Result "1-0"]
[ECO "C05"]
[WhiteElo "1734"]
[BlackElo "1580"]
[Annotator "NA"]
[PlyCount "91"]
[EventDate "2019.08.02"]
[EventType "swiss"]
[EventCountry "SVK"]
[SourceTitle "playchess.com"]
[Source "ChessBase"]
[SourceQuality "1"]
[TimeControl "40/5400+30:1800+30"]

1. e4 e6 2. d4 d5 3. Nd2 Nf6 4. e5 Nfd7 5. Bd3 c5 6. c3 b6 7. Ne2 Ba6 8. Nf3 Bxd3 9. Qxd3 Nc6 10. O-O Be7 11. Ne1 O-O 12. f4 cxd4 13. cxd4 f5 14. Bd2 Rc8 15. Rc1 Qc7 16. b4 Qb7 17. b5 Ncb8 18. Nc2 Rc7 19. Bb4 Bxb4 20. Nxb4 Rfc8 21. Qa3 Kf7 22. Rc3 Rxc3 23. Nxc3 Rc4 24. Nbxd5 exd5 25. e6+ Kg8 26. Qe7 Qc8 27. Qf7+ Kh8 28. e7 Nf6 29. Qf8+ Ng8 30. e8=Q Qxe8 31. Qxe8 Rxc3 32. Qxb8 h6 33. Re1 Kh7 34. Qxa7 Rc4 35. Qxb6 Ra4 36. Qc7 Rxa2 37. b6 Rb2 38. b7 h5 39. b8=Q Rxb8 40. Qxb8 h4 41. Qf8 Nf6 42. Re7 Nh5 43. Qxf5+ Kh6 44. Qg5+ Kh7 45. Qxh5+ Kg8 46. Re8# 1-0

[Event "EYCC Girls-U12 2019"]
[Site "Bratislava"]
[Date "2019.08.06"]
[Round "5.11"]
[White "Khegai, Darya"]
[Black "Nordquelle, Amelia"]
[Result "0-1"]
[ECO "C50"]
[WhiteElo "1402"]
[BlackElo "1648"]
[Annotator "NA"]
[PlyCount "72"]
[EventDate "2019.08.02"]
[EventType "swiss"]
[EventCountry "SVK"]
[SourceTitle "playchess.com"]
[Source "ChessBase"]
[SourceQuality "1"]
[TimeControl "40/5400+30:1800+30"]

1. e4 e5 2. Nf3 Nc6 3. Bc4 Nf6 4. d3 Bc5 5. c3 O-O 6. Nbd2 d5 7. exd5 Nxd5 8. Ne4 Bb6 9. O-O Re8 10. Bb3 f5 11. Ng3 Na5 12. Bxd5+ Qxd5 13. c4 Qd6 14. a3 e4 15. Ng5 h6 16. Nh3 Qxd3 17. Qh5 Qd7 18. Nxf5 Qf7 19. Nxg7 Kxg7 20. Bxh6+ Kg8 21. Qg5+ Kh7 22. Nf4 Bd4 23. Qxa5 Kxh6 24. Qd2 Bf6 25. Nd5+ Bg5 26. Qd4 c6 27. Nc3 Bf5 28. f4 Bf6 29. Qe3 Rad8 30. Rad1 Qxc4 31. Kh1 Rd3 32. Rxd3 Qxd3 33. Qe1 Bxc3 34. bxc3 e3 35. Rf3 Qb1 36. Rh3+ Kg6 0-1

[Event "EYCC Girls-U12 2019"]
[Site "Bratislava"]
[Date "2019.08.06"]
[Round "5.12"]
[White "Kalenichenko, Alina"]
[Black "Huang, Wendy"]
[Result "0-1"]
[ECO "E48"]
[WhiteElo "1549"]
[BlackElo "1784"]
[Annotator "NA"]
[PlyCount "110"]
[EventDate "2019.08.02"]
[EventType "swiss"]
[EventCountry "SVK"]
[SourceTitle "playchess.com"]
[Source "ChessBase"]
[SourceQuality "1"]
[TimeControl "40/5400+30:1800+30"]

1. d4 Nf6 2. c4 e6 3. Nc3 Bb4 4. e3 O-O 5. Bd3 d5 6. Nge2 c5 7. cxd5 cxd4 8. exd4 Nxd5 9. O-O Nc6 10. Nxd5 Qxd5 11. Be3 e5 12. dxe5 Qxe5 13. Nd4 Bd6 14. Nf3 Qe7 15. Bg5 f6 16. Bc4+ Kh8 17. Re1 Qc7 18. Bh4 Bg4 19. Bg3 Rad8 20. Qc1 Bxf3 21. gxf3 Nd4 22. Qc3 Bxg3 23. hxg3 b5 24. Be2 Qxc3 25. bxc3 Nc2 26. Bxb5 Nxa1 27. Rxa1 Rd2 28. c4 Rfd8 29. c5 Rd1+ 30. Rxd1 Rxd1+ 31. Kg2 Rd5 32. a4 Rxc5 33. f4 Rc3 34. g4 g6 35. f3 Rc2+ 36. Kg3 Kg7 37. g5 f5 38. Ba6 Kf8 39. Bb5 Ke7 40. Ba6 Kd6 41. Bb5 Kc5 42. Be8 Kb4 43. Kh3 Ra2 44. Bf7 Rxa4 45. Bg8 Ra6 46. Bxh7 Rd6 47. Bg8 a5 48. Kh4 a4 49. Bf7 a3 50. Bxg6 Rxg6 51. Kh5 Rd6 52. g6 a2 53. g7 a1=Q 54. g8=Q Qh1+ 55. Kg5 Qg2+ 0-1

[Event "EYCC Girls-U12 2019"]
[Site "Bratislava"]
[Date "2019.08.06"]
[Round "5.13"]
[White "Berezovsky, Fiorina"]
[Black "Lomakina, Anzhelika"]
[Result "1-0"]
[ECO "A40"]
[WhiteElo "1591"]
[BlackElo "1752"]
[Annotator "NA"]
[PlyCount "105"]
[EventDate "2019.08.02"]
[EventType "swiss"]
[EventCountry "SVK"]
[SourceTitle "playchess.com"]
[Source "ChessBase"]
[SourceQuality "1"]
[TimeControl "40/5400+30:1800+30"]

1. d4 Nf6 2. c4 e6 3. g3 Bb4+ 4. Bd2 Qe7 5. Nc3 Nc6 6. a3 Bxc3 7. Bxc3 Ne4 8. Rc1 O-O 9. Bg2 d5 10. cxd5 exd5 11. Nf3 Re8 12. h4 Bg4 13. Rc2 Rac8 14. e3 Qf6 15. O-O Ne7 16. Bb4 Nc6 17. Bc3 h6 18. Qe2 Ne7 19. Bb4 Nf5 20. Qb5 Bxf3 21. Bxf3 Nexg3 22. fxg3 Nxe3 23. Bxd5 Nxf1 24. Rf2 Qxd4 25. Bxf7+ Kh8 26. Bxe8 Nxg3 27. Kg2 Qe4+ 28. Kxg3 Rxe8 29. Qxe8+ Qxe8 30. Rf8+ Qxf8 31. Bxf8 Kg8 32. Bc5 b6 33. Be3 Kf7 34. b4 Ke6 35. Kg4 g5 36. h5 Kd5 37. Kf5 c5 38. bxc5 bxc5 39. Kg6 c4 40. Kxh6 c3 41. Bxg5 Kc4 42. Kg7 Kb3 43. h6 Kxa3 44. h7 a5 45. h8=Q a4 46. Bc1+ Ka2 47. Qh2+ Kb1 48. Bg5 c2 49. Qg1+ Kb2 50. Qb6+ Ka2 51. Qa5 a3 52. Bc1 Kb1 53. Bxa3 1-0